 Dungeon Crawl Stone Soup version 0.17-a0-1115-g0372368 (console) character file.

142 Monkaria the Slasher (level 5, -2/42 HPs)
             Began as a Demonspawn Chaos Knight on May 23, 2015.
             Slain by a worm (15 damage)
             ... on level 2 of the Dungeon.
             The game lasted 00:02:10 (2073 turns).

Monkaria the Slasher (Demonspawn Chaos Knight)      Turns: 2073, Time: 00:02:11

Health: -2/42      AC:  5    Str: 13    XL:     5   Next: 4%
Magic:  5/5        EV: 11    Int: 13    God:    Xom [...*..]
Gold:   64         SH:  0    Dex: 13    Spells: 0 memorised, 4 levels left

rFire  . . .     SeeInvis .     a - +0 falchion (chaos)
rCold  . . .     Clarity  .     b - +2 leather armour
rNeg   . . .     SustAt   .     (no shield)
rPois  .         Gourm    .     (helmet restricted)
rElec  .         Spirit   .     (no cloak)
rCorr  .         Warding  .     (no gloves)
rMut   .         Stasis   .     (no boots)
MR     .....                    (no amulet)
Stlth  +.........               (no ring)
                                (no ring)

@: not resistant to hostile enchantments, very unstealthy
A: antennae 1, demonic guardian 1
a: Renounce Religion


You were on level 2 of the Dungeon.
You worshipped Xom.
You were a favourite toy of Xom.
You were hungry.

You visited 1 branch of the dungeon, and saw 2 of its levels.

You collected 64 gold pieces.

Inventory:

Hand weapons
 a - a +0 falchion of chaos (weapon)
Missiles
 i - 2 tomahawks (quivered)
Armour
 b - a +2 leather armour (worn)
Scrolls
 e - 3 scrolls of identify {unknown}
 f - a scroll of remove curse {unknown}
Potions
 d - a potion of heal wounds
Comestibles
 c - 4 bread rations
 g - a beef jerky
 h - a royal jelly
 j - 4 chunks of flesh


   Skills:
 - Level 4.2 Fighting
 + Level 4.4 Long Blades
 - Level 1.7 Armour
 - Level 0.8 Dodging


You had 4 spell levels left.
You didn't know any spells.

Dungeon Overview and Level Annotations

Branches:
Dungeon (2/15)

Altars:


Innate Abilities, Weirdness & Mutations

You have a pair of small antennae on your head.
A weak demonic guardian rushes to your aid.


Message History

c - 4 bread rations (gained 1)
A worm comes into view.
A worm is nearby!
A worm is nearby!
The worm bites you.
You hit the worm.
The worm is lightly wounded.
The worm bites you.
You slash the worm! You freeze the worm.
The worm is severely wounded.
You barely miss the worm.
The worm is severely wounded.
The worm bites you!
You slash the worm!
The worm goes berserk!
The worm is almost dead.
The worm closely misses you.
You barely miss the worm.
The worm is almost dead.
The worm bites you!
You die...

#...# #.......# . #...# #..<....#
#...# ####.###### #...#
#.......########
######...#######..####.##.....#
..................####.##.....#
..................#..........>#
................w.............#
####.#...#.#####@...##.#......# #
#.#...#.# ###.......#.###### #
#.#...#.# #......#.##.# #
#.#...#.# #.##...#.##.# #
#.......# #.##........# #
###.).#####.##...#.##########
##..)####.......#.# #......#
#####.......#.#####.#.###.####.##
......<.###.#.# #.#.....#......


You could see a worm (berserk).

Vanquished Creatures
  7 adders (D:2)
  3 gnolls (D:2)
  2 oozes
  2 worms (D:2)
  3 ball pythons
  A giant cockroach (D:2)
  A goblin (D:2)
  7 hobgoblins
  4 kobolds
  A quokka (D:2)
  4 bats
  A giant gecko (D:2)
  4 jackals (D:1)
  3 rats
43 creatures vanquished.

Notes
Turn   | Place    | Note
--------------------------------------------------------------
     0 | D:1      | Monkaria the Demonspawn Chaos Knight began the quest for the Orb.
     0 | D:1      | Reached XP level 1. HP: 18/18 MP: 1/1
    16 | D:1      | XOM: potion effect (berserk rage)
    98 | D:1      | Gained mutation: A weak demonic guardian rushes to your aid. [demonic ancestry]
    98 | D:1      | Reached XP level 2. HP: 24/24 MP: 2/2
   225 | D:1      | XOM: silly message
   266 | D:1      | XOM: harmless Trmt miscast
   487 | D:1      | XOM: divination: magic mapping
   545 | D:1      | XOM: cast spell 'Beastly Appendage'
   582 | D:2      | Reached skill level 4 in Fighting
   594 | D:2      | Reached XP level 3. HP: 24/30 MP: 3/3
   642 | D:2      | XOM: smoke on damage
   986 | D:2      | XOM: medium Fire miscast
  1087 | D:2      | XOM: colour smoke trail
  1241 | D:2      | Reached XP level 4. HP: 19/37 MP: 4/4
  1771 | D:2      | XOM: mild Ice miscast
  2022 | D:2      | HP: 1/37 [gnoll/spear (5)]
  2031 | D:2      | Gained mutation: You have a pair of small antennae on your head. [demonic ancestry]
  2031 | D:2      | Reached XP level 5. HP: 21/42 MP: 5/5
  2073 | D:2      | Slain by a worm

Vault maps used:
D:1:      lightli_arrival_quake

Action                   |  1- 3 |  4- 6 || total
-------------------------+-------+-------++-------
Melee: Falchion          |    97 |    76 ||   173
  Use: Potion            |       |     1 ||     1
 Stab: Paralysed         |       |     4 ||     4
  Eat: Chunk             |     1 |     3 ||     4
